 Dungeon Crawl Stone Soup version 0.19-a0-680-gdf79c29 (webtiles) character file.

86 Laan the Conjurer (level 4, 0/30 HPs)
             Began as a Mummy Wizard on June 17, 2016.
             Slain by a goblin
             ... wielding a +0 dagger
             ... led by Robin
              (2 damage)
             ... on level 2 of the Dungeon.
             The game lasted 00:03:34 (2631 turns).

Laan the Conjurer (Mummy Wizard)                    Turns: 2631, Time: 00:03:35

Health: 0/30       AC:  2    Str: 10    XL:     4   Next: 26%
Magic:  1/8        EV: 12    Int: 18    God:
Gold:   85         SH:  0    Dex: 10    Spells: 1 memorised, 8 levels left

rFire  x . .     SeeInvis .     i - +1 dagger (venom)
rCold  + . .     Gourm    .     a - +0 robe
rNeg   + + +     Faith    .     (no shield)
rPois  ∞         Spirit   .     b - +0 hat
rElec  .         Dismiss  .     (no cloak)
rCorr  .         Reflect  .     (no gloves)
SustAt .         Harm     .     (no boots)
MR     .....                    (no amulet)
Stlth  ++........               (no ring)
                                (no ring)

@: not resistant to hostile enchantments, unstealthy
A: no food or potions, fire vulnerability, cold resistance 1, negative energy
resistance 3, torment resistance, unbreathing
a: no special abilities


You were on level 2 of the Dungeon.
You were not hungry.

You visited 1 branch of the dungeon, and saw 2 of its levels.

You collected 85 gold pieces.

Inventory:

Hand Weapons
 i - a +1 dagger of venom (weapon)
Armour
 a - a +0 robe (worn)
 b - a +0 hat (worn)
Scrolls
 d - 2 scrolls of amnesia {unknown}
 e - 5 scrolls of identify {unknown}
 f - a scroll of immolation {unknown}
 g - 2 scrolls of remove curse {unknown}
 h - a scroll of teleportation {unknown}
Books
 c - a book of Minor Magic

   Spells                             Type                      Level
   a - Magic Dart                     Conjuration                  1
   b - Blink                          Translocation                2
   c - Call Imp                       Summoning                    2
   d - Repel Missiles                 Charms/Air                   2
   e - Slow                           Hexes                        2
   f - Conjure Flame                  Conjuration/Fire             3
   g - Mephitic Cloud                 Conjuration/Poison/Air       3


   Skills:
 - Level 1.5 Dodging
 - Level 1.5 Stealth
 - Level 3.0 Spellcasting
 + Level 3.4 Conjurations
   Level 0.7 Summonings
   Level 0.7 Translocations


You had 8 spell levels left.
You knew the following spells:

 Your Spells              Type           Power        Failure   Level  Hunger
a - Magic Dart            Conj           ###.         4%          1    N/A

Dungeon Overview and Level Annotations

Branches:
Dungeon (2/15)

Altars:
Ru

Annotations:
D:2 Robin


Innate Abilities, Weirdness & Mutations

You do not eat or drink.
Your flesh is vulnerable to fire.
You are immune to poison.
Your flesh is cold resistant. (rC+)
You are immune to negative energy. (rN+++)
You are immune to unholy pain and torment.
You can survive without breathing.


Message History

The goblin is moderately wounded.
The goblin misses you. The goblin hits you but does no damage.
The goblin hits you with a dagger.
* * * LOW HITPOINT WARNING * * *
You hit the goblin.
You kill the goblin!
The goblin hits you with a dagger.
* * * LOW HITPOINT WARNING * * *
The goblin closely misses you. Robin throws the goblin at you!
* * * LOW HITPOINT WARNING * * *
The goblin hits you with a dagger.
* * * LOW HITPOINT WARNING * * *
The goblin hits you with a dagger.
* * * LOW HITPOINT WARNING * * *
You see here a club.
The goblin hits you with a dagger.
* * * LOW HITPOINT WARNING * * *
The goblin hits you with a dagger.
You die...

#...###.### gg
.......
####.#.###.#
........
.....#..##.#
....#####
#######.##.#
..... #..#.#
########......
##.#.#
##...g).gg...
#...#
#.g.)########
##..# #.gg.#
#.># #..@.#
#### #....#
#....# #....#
#....# ##'###
#.# #.#
#.#####


You could see a hobgoblin and 3 goblins.

Vanquished Creatures
  Natasha (D:2)
  2 worms (D:2)
  A dart slug (D:1)
  2 giant geckos
  4 ball pythons
  4 bats
  3 giant cockroaches (D:1)
  9 goblins
  3 hobgoblins
  3 jackals (D:1)
  A quokka (D:2)
  4 giant newts
  6 kobolds (D:1)
  5 rats
48 creatures vanquished.

Notes
Turn   | Place    | Note
--------------------------------------------------------------
     0 | D:1      | Laan the Mummy Wizard began the quest for the Orb.
     0 | D:1      | Reached XP level 1. HP: 13/13 MP: 4/4
     0 | D:1      | Noticed a ghoul
     0 | D:1      | Noticed a centaur
     4 | D:1      | Noticed a draconian
     6 | D:1      | Noticed a naga
    10 | D:1      | Noticed a dwarf
    10 | D:1      | Noticed a spriggan
    12 | D:1      | Noticed an ogre
    12 | D:1      | Noticed an ogre
    14 | D:1      | Noticed a felid
    16 | D:1      | Noticed a human
    16 | D:1      | Noticed a troll
    18 | D:1      | Noticed a minotaur
    20 | D:1      | Noticed a spriggan
    39 | D:1      | Reached skill level 1 in Conjurations
   641 | D:1      | Reached XP level 2. HP: 19/19 MP: 4/6
  1354 | D:1      | Reached XP level 3. HP: 24/24 MP: 2/7
  1883 | D:2      | Found a sacrificial altar of Ru.
  2298 | D:2      | Noticed Natasha
  2306 | D:2      | Killed Natasha
  2306 | D:2      | Reached XP level 4. HP: 23/30 MP: 1/8
  2368 | D:2      | Noticed Robin
  2631 | D:2      | Slain by a goblin

Vault maps used:
D:1:      shiori_arrival_whats_in_store_for_you
D:2:      nicolae_ru_awakened_eye, uniq_robin, uniq_natasha

Skill      XL: |  1  2  3 |
---------------+----------+-----
Conjurations   | 1 2 3 |  3.4
Dodging        | |  1.5
Stealth        | |  1.5
Spellcasting   | |  3.0
Summonings     | |  0.7
Translocations | |  0.7

Action                   |  1- 3 |  4- 6 || total
-------------------------+-------+-------++-------
Melee: Unarmed           |    26 |       ||    26
       Dagger            |     3 |     6 ||     9
 Cast: Magic Dart        |    93 |    26 ||   119
Armor: Robe              |     6 |     2 ||     8
Dodge: Dodged            |    31 |    13 ||    44
